 Dungeon Crawl Stone Soup version 0.31-a0-640-g39d97e502b (webtiles) character file.

Game seed: 15589849465282712823

1506154 PaperRat the Tengu Barricade (level 27, 179/179 HPs)
             Began as a Tengu Cinder Acolyte on Aug 26, 2023.
             Was a Priest of Ignis.
             Escaped with the Orb
             ... and 3 runes on Aug 27, 2023!
             The game lasted 05:44:26 (87293 turns).

PaperRat the Tengu Barricade (TeCA)                Turns: 87293, Time: 05:44:27

Health: 179/179    AC: 33    Str: 21    XL:     27
Magic:  40/40      EV: 27    Int: 26    God:    Ignis [***...]
Gold:   4709       SH: 23    Dex: 16    Spells: 2/50 levels left

rFire   + . .        a - +9 demon trident (vamp)
rCold   + . .        I - +5 kite shield {AC+3}
rNeg    + . .        U - quicksilver dragon scales
rPois   +            x - +2 hat
rElec   +            s - +2 cloak {rCorr}
rCorr   +            t - +5 pair of gloves "Bioryr" {rC+ rN+ Regen+}
SInv    +            (boots unavailable)
Will    +++..        G - amulet of magic regeneration
Stlth   +            H - ring of Cinod {rElec Str+6 Int+4 Slay-4 SInv, =R}
HPRegen 1.29/turn    f - +5 ring of evasion
MPRegen 0.67/turn

%: no passive effects
@: flying quickly and evasively, very slightly contaminated, studying
Shapeshifting, quick
A: beak, talons 3, nimble flight, iridescent scales 1, poison resistance
0: Orb of Zot
}: 3/15 runes: decaying, serpentine, slimy
a: Renounce Religion, Fiery Armour, Foxfire Swarm, Rising Flame


You escaped.
You worshipped Ignis.
Ignis was most pleased with you.
You visited 12 branches of the dungeon, and saw 56 of its levels.
You also visited: Bailey, Ice Cave and Volcano.

You collected 8588 gold pieces.
You spent 3879 gold pieces at shops.

Inventory:

Hand Weapons
 a - a +9 vampiric demon trident (weapon)
Missiles
 w - 9 darts of dispersal
 F - 8 curare-tipped darts (quivered)
 S - 2 throwing nets {!f}
Armour
 p - a +2 cloak of fire resistance
 q - the +4 dragonskin cloak
   (You took it off Tiamat on level 2 of the Realm of Zot)

   Avatar's Aegis: It grants the wearer a chance to resist fire, cold, poison,
   electricity, acid, and negative energy.
 s - a +2 cloak of preservation (worn)
 t - the +5 pair of gloves "Bioryr" (worn) {rC+ rN+ Regen+}
   (You found it on level 2 of the Snake Pit)

   rC+:       It protects you from cold.
   rN+:       It protects you from negative energy.
   Regen+:    It increases your rate of health regeneration.
 x - a +2 hat (worn)
 B - a +2 cloak of willpower
 I - a +5 kite shield of protection (worn)
 U - quicksilver dragon scales (worn)
Jewellery
 f - a +5 ring of evasion (right hand)
 o - a ring of willpower
 r - a ring of protection from fire
 E - a ring of poison resistance
 G - an amulet of magic regeneration (around neck)
 H - the ring of Cinod (left hand) {rElec Str+6 Int+4 Slay-4 SInv, =R}
   (You bought it in a shop on level 3 of the Snake Pit)

   [ring of strength]

   Str+6:     It affects your strength (+6).
   Int+4:     It affects your intelligence (+4).
   Slay-4:    It affects your accuracy & damage with ranged weapons and melee
   (-4).
   rElec:     It insulates you from electricity.
   SInv:      It lets you see invisible.
 O - a ring of wizardry
Wands
 b - a wand of iceblast (45)
 c - a wand of quicksilver (54)
 d - a wand of digging (22)
 m - a wand of polymorph (40)
 n - a wand of paralysis (59)
 z - a wand of mindburst (16)
Scrolls
 i - 4 scrolls of amnesia
 k - 6 scrolls of poison
 u - 23 scrolls of teleportation {@r3}
 v - 6 scrolls of enchant armour
 y - a scroll of fog {@r2}
 K - 4 scrolls of blinking {@r5}
 L - 8 scrolls of fear {@r4}
 P - 2 scrolls of vulnerability
 T - 5 scrolls of butterflies {@r6}
 W - 8 scrolls of immolation
Potions
 e - 5 potions of invisibility
 g - 10 potions of curing {@q1}
 h - 6 potions of lignification
 j - 7 potions of enlightenment {@q6}
 l - 3 potions of mutation {@q7}
 A - 6 potions of heal wounds {@q2}
 D - 5 potions of resistance
 J - 2 potions of cancellation
 M - 6 potions of magic
 N - 8 potions of might {@q3}
 Q - 4 potions of ambrosia
 R - 3 potions of brilliance {@q5}
 Y - 13 potions of haste {@q4}
Miscellaneous
 C - a condenser vane (inert)
 V - a lightning rod (4/4)
 X - a box of beasts
 Z - a phial of floods (inert)


   Skills:
 + Level 20.0 Fighting
 - Level 14.0 Polearms
 - Level 18.0 Armour
 - Level 14.0 Dodging
 + Level 6.3 Stealth
 O Level 27 Shields
 - Level 12.0 Spellcasting
 - Level 14.0 Conjurations
 - Level 3.0 Translocations
 - Level 6.0 Transmutations
 - Level 6.0 Fire Magic
 - Level 21.0 Air Magic
 - Level 12.0 Evocations


You had 2 spell levels left.
You knew the following spells:

 Your Spells              Type           Power      Damage    Failure   Level
a - Airstrike             Air            45%        2d(7-23)  0%          4
b - Arcjolt               Conj/Air       41%        1d51      1%          5
c - Maxwell's Capacitive  Air            45%        ∞         6%          8
d - Plasma Beam           Fire/Air       36%        2x1d49    3%          6
e - Summon Small Mammal   Summ           60%        N/A       4%          1
f - Iskenderun's Mystic   Conj/Tloc      56%        2d12      1%          4
g - Passwall              Tmut/Erth      25%        N/A       2%          2
i - Irradiate             Conj/Tmut      30%        3d21      2%          5
s - Freezing Cloud        Conj/Ice/Air   33%        6-21      1%          5
t - Blink                 Tloc           62%        N/A       2%          2
w - Conjure Ball Lightni  Conj/Air       41%        3x3d13    1%          6

Your spell library contained the following spells:

 Spells                   Type           Power      Damage    Failure   Level
 Shock                    Conj/Air       100%       1d9       0%          1
 Apportation              Tloc           62%        N/A       1%          1
 Foxfire                  Conj/Fire      100%       2x1d9     1%          1
 Kiss of Death            Conj/Necr      100%       2d13      1%          1
 Sting                    Tmut/Pois      100%       1d8       1%          1
 Cigotuvi's Dreadful Rot  Necr/Pois/Air  100%       N/A       1%          2
 Poisonous Vapours        Pois/Air       100%       N/A       1%          2
 Scorch                   Fire           92%        2d8       1%          2
 Wereblood                Tmut           46%        N/A       1%          2
 Freeze                   Ice            60%        1d7       4%          1
 Necrotise                Necr           60%        1d7       4%          1
 Sandblast                Erth           30%        2d9       4%          1
 Slow                     Hex            60%        N/A       4%          1
 Ensorcelled Hibernation  Hex/Ice        30%        N/A       8%          2
 Sublimation of Blood     Necr           15%        N/A       8%          2
 Swiftness                Air            90%        N/A       0%          3
 Dazzling Flash           Conj/Hex       100%       N/A       1%          3
 Hailstorm                Conj/Ice       51%        3d11      1%          3
 Mephitic Cloud           Conj/Pois/Air  66%        N/A       1%          3
 Stone Arrow              Conj/Erth      100%       3d13      1%          3
 Flame Wave               Conj/Fire      61%        2d14      1%          4
 Sticky Flame             Conj/Fire      61%        2d8       1%          4
 Summon Lightning Spire   Summ/Air       63%        N/A       1%          4
 Vhi's Electric Charge    Tloc/Air       100%       N/A       1%          4
 Silence                  Hex/Air        31%        N/A       1%          5
 Volatile Blastmotes      Fire/Tloc      78%        2d16      2%          3
 Fulminant Prism          Conj/Hex       25%        3d14      2%          4
 Fireball                 Conj/Fire      30%        3d13      2%          5
 Gell's Gravitas          Tloc           31%        N/A       4%          3
 Inner Flame              Hex/Fire       31%        N/A       4%          3
 Manifold Assault         Tloc           31%        N/A       14%         4
 Passage of Golubria      Tloc           31%        N/A       14%         4
 Petrify                  Tmut/Erth      31%        N/A       14%         4
 Call Canine Familiar     Summ           15%        N/A       16%         3
 Confusing Touch          Hex            15%        N/A       16%         3
 Frozen Ramparts          Ice            30%        1d5       16%         3
 Ozocubu's Armour         Ice            15%        N/A       16%         3
 Summon Guardian Golem    Hex/Summ       15%        N/A       16%         3
 Tukima's Dance           Hex            15%        N/A       16%         3
 Vampiric Draining        Necr           15%        2d7       16%         3
 Alistair's Intoxication  Tmut/Pois      20%        N/A       38%         5
 Yara's Violent Unravell  Hex/Tmut       15%        3d8       38%         5
 Leda's Unmaking          Conj/Erth      25%        9d5       41%         6
 Animate Armour           Summ/Erth      30%        N/A       45%         4
 Cause Fear               Hex            7%         N/A       45%         4
 Dispel Undead            Necr           15%        3d10      45%         4
 Summon Ice Beast         Ice/Summ       15%        N/A       45%         4
 Agony                    Necr           15%        N/A       80%         5
 Borgnjor's Vile Clutch   Necr/Erth      7%         N/A       80%         5
 Lee's Rapid Deconstruct  Erth           7%         3d7*      80%         5
 Dispersal                Tloc           15%        N/A       92%         6
 Eringya's Noxious Bog    Tmut/Pois      15%        4d6       92%         6
 Spellforged Servitor     Conj/Summ      25%        N/A       94%         7
 Death Channel            Necr           7%         N/A       100%        6
 Simulacrum               Ice/Necr       7%         N/A       100%        6
 Summon Cactus Giant      Summ           7%         N/A       100%        6
 Haunt                    Necr/Summ      7%         N/A       100%        7
 Ozocubu's Refrigeration  Ice            7%         4d9       100%        7
 Discord                  Hex            7%         N/A       100%        8
 Disjunction              Tloc           15%        N/A       100%        8
 Infestation              Necr           7%         N/A       100%        8
 Lehudib's Crystal Spear  Conj/Erth      25%        10d7      100%        8
 Polar Vortex             Ice            7%         12d1*     100%        9


Dungeon Overview and Level Annotations

Branches:
Dungeon (15/15)            Temple (1/1) D:4            Lair (5/5) D:8
  Swamp (4/4) Lair:3        Snake (4/4) Lair:2        Slime (5/5) Lair:5
    Orc (2/2) D:10            Elf (3/3) Orc:2        Vaults (5/5) D:13
  Crypt (3/3) Vaults:2       Tomb (0/3) Crypt:3      Depths (4/4) D:15
    Zot (5/5) Depths:4     Bailey (visited)           IceCv (visited)
Volcano (visited)

Altars:
Ashenzari
Cheibriados
Dithmenos
Elyvilon
Fedhas
Gozag
Hepliaklqana
Kikubaaqudgha
Makhleb
Nemelex Xobeh
Okawaru
Qazlal
Ru
Sif Muna
Trog
Uskayaw
Vehumet
Wu Jian
Xom
Yredelemnul
Zin
The Shining One
Jiyva

Shops:
D:4 *   D:9 :   D:10 *   Orc:2 ?([[   Elf:2 :   Snake:3 [*(   Vaults:1 *:
Depths:1 ==:(   Depths:2 (

Portals:
Hell: Lair:5 Depths:1 Depths:2 Depths:3 Depths:4
Abyss: Depths:2 Depths:3
Pandemonium: Depths:2
Ziggurat: Depths:2

Annotations:
Elf:2 3 runed translucent doors


Innate Abilities, Weirdness & Mutations

You have a beak for a mouth.
You have claws for feet.
Your magical nature lets you fly swiftly and evasively.
You are partially covered in iridescent scales. (AC +2)
Your system is resistant to poisons. (rPois)


Message History

You kill the golden eye!
Magic restored.
There is an open door here.
There is a stone staircase leading up here.
You fly upwards.
There is a stone staircase leading down here.
An Orb Guardian comes into view.
You barely miss the Orb Guardian. Your kick misses the Orb Guardian.
You peck the Orb Guardian, but do no damage.
You hit the Orb Guardian but do no damage.
Your kick misses the Orb Guardian. You impale the Orb Guardian!!
You claw the Orb Guardian, but do no damage.
The Orb Guardian is moderately wounded.
You block the Orb Guardian's attack.
You closely miss the Orb Guardian. Your kick misses the Orb Guardian.
The Orb Guardian is moderately wounded.
The Orb Guardian misses you.
You puncture the Orb Guardian!
You claw the Orb Guardian, but do no damage.
You peck the Orb Guardian, but do no damage.
The Orb Guardian is heavily wounded.
You block the Orb Guardian's attack.
You impale the Orb Guardian!! Your kick misses the Orb Guardian.
The Orb Guardian is severely wounded.
You block the Orb Guardian's attack.
You hit the Orb Guardian.
You claw the Orb Guardian, but do no damage.
The Orb Guardian is severely wounded.
The Orb Guardian completely misses you.
Casting: Airstrike (safe; 0% risk of failure)
Confirm with . or Enter, or press ? or * to list all spells.
You erupt in a fountain of uncontrolled magic!
The Orb Guardian is blasted with magical radiation!!!
You kill the Orb Guardian!
You are very lightly contaminated with residual magic.
Your box of beasts has recharged.
Magic restored.
There is a staircase leading out of the dungeon here.
You have escaped!

#.##.## #.# #.# #.# ######
### #### #.# ##>### ###>##
#.# ##....### ###....## #.#
##..⌠....#####....⌠..###.#
#.....⌠....#....⌠.....##.#
#..⌠....⌠.....⌠....⌠..#..#
#.....................####
#######....@....#######
####...#### ####### ##...##
#### ###.....# ##..⌠..##
#..# .......## ##.......##
#..#
###^##.#####..⌠...⌠..####..#
#.##.##.......⌠.......#..#
#.##.##.###.......###....#
#.##.##...##############.#


There were no monsters in sight!

Vanquished Creatures
  the Royal Jelly (Slime:5)
  Dissolution (Slime:4)
  2 dread liches
  Tiamat (Zot:2)
  Mara (Vaults:4)
  An ancient lich (Zot:5)
  8 orbs of fire
  A royal mummy (Crypt:3)
  Sojobo (Crypt:3)
  Vv (Depths:2)
  2 Killer Klowns (Zot:5)
  Saint Roka (Vaults:4)
  Frederick (Depths:4)
  A caustic shrike (Depths:2)
  Vashnia (Snake:3)
  2 curse toes
  The ghost of Qyg Kex the Earth Mage, an adept OpEE of Vehumet (Crypt:2)
  Nikola (Swamp:2)
  Jory (Vaults:4)
  6 golden dragons
  the Enchantress (Depths:4)
  3 doom hounds (Depths:3)
  7 electric golems
  Zenata (Elf:1)
  12 tentacled monstrosities
  26 Orb Guardians
  The ghost of Datograv the Stickfighter, an adept NaAE of Ru (Crypt:2)
  The ghost of Laziaso the Tortoise, an adept GrFi of Makhleb (Crypt:2)
  The ghost of Titucsi the Tortoise, an adept GrFi of Makhleb (Crypt:2)
  4 liches
  Mlioglotl (Swamp:1)
  2 deep elf blademasters (Elf:3)
  Grunn (Depths:3)
  A walking crystal tome (Depths:4)
  A walking frostbound tome (Depths:2)
  A titan (Depths:4)
  2 deep elf master archers (Elf:3)
  19 acid blobs
  6 death cobs
  6 quicksilver dragons
  4 sphinxes
  12 ancient champions
  3 tengu reavers
  Frances (D:13)
  The ghost of PaperRat the Stormcaller, an adept TeCA of Ignis (Swamp:1)
  A thorn hunter (Swamp:4)
  4 shadow dragons
  Donald (Swamp:4)
  A revenant (Crypt:3)
  7 storm dragons
  Roxanne (Elf:1)
  6 draconian monks
  5 rockslimes
  Aizul (Elf:1)
  6 nagarajas
  10 azure jellies
  9 deep elf sorcerers
  6 fire giants
  8 frost giants
  6 draconian knights
  13 draconian scorchers
  An iron dragon (Depths:2)
  5 fenstrider witches
  10 vault wardens
  4 deep elf elementalists (Elf:3)
  19 ghouls
  A ghost moth (shapeshifter) (Vaults:1)
  The ghost of esper6 the Thaumaturge, a journeyman GnNe of Cheibriados (Swamp:3)
  9 draconian shifters
  Louise (Depths:2)
  4 spriggan defenders
  A juggernaut skeleton (Depths:3)
  9 draconian stormcallers
  8 formless jellyfish
  12 ironbound preservers
  13 stone giants
  7 draconian annihilators
  8 quicksilver oozes
  2 reapers
  A war gargoyle (D:13)
  6 very ugly things
  10 ironbound thunderhulks
  4 vampire knights
  3 deep elf demonologists (Elf:3)
  A bunyip (Swamp:3)
  2 eleionomae (Swamp:3)
  11 red draconians
  6 deep elf annihilators (Elf:3)
  16 purple draconians
  9 yellow draconians
  11 green draconians
  4 spark wasps
  8 dire elephants
  9 white draconians
  9 black draconians
  7 eidola
  A green death (Swamp:4)
  11 deep elf death magi
  A merfolk impaler (Depths:1)
  The ghost of casual the Nimble, a journeyman MeMo of Cheibriados (Orc:1)
  3 ettins
  Snorg (Lair:3)
  6 great orbs of eyes
  3 deep elf high priests (Elf:3)
  4 crystal guardians (Depths:3)
  15 jiangshi
  Josephine (Lair:4)
  7 fire dragons
  3 entropy weavers
  A shambling mangrove (Swamp:3)
  5 yaktaur captains
  31 vault guards
  4 rakshasas
  5 ice dragons
  A ghost crab (Swamp:3)
  8 ogre magi
  3 spriggan air magi
  Erolcha (D:9)
  A spriggan skeleton (Depths:3)
  16 hydras
  A hell beast (Depths:2)
  3 death knights
  A fenstrider witch skeleton (Crypt:2)
  3 salamander tyrants (Snake:4)
  13 alligators
  7 centaur warriors
  7 ironbound frosthearts
  12 anacondas
  A quicksilver dragon skeleton (Depths:3)
  19 two-headed ogres
  12 tengu warriors
  4 boulder beetles
  21 dancing weapons
  11 naga warriors
  7 shock serpents
  5 deep troll shamans
  14 vampire magi
  5 deep troll earth magi
  A hell hog (Depths:2)
  An orc high priest (D:14)
  Urug (D:13)
  10 spriggan berserkers
  17 naga sharpshooters
  6 hell knights
  2 soul eaters
  3 shadow wraiths
  2 skysharks
  9 deep elf knights
  17 skeletal warriors
  4 sixfirhies
  A sea snake (shapeshifter) (D:14)
  8 salamander mystics
  A death drake (Swamp:4)
  5 iron trolls
  18 deep elf archers
  46 deep trolls
  A quicksilver dragon simulacrum (Depths:2)
  5 spriggan druids
  A spark wasp zombie (Depths:3)
  A golden dragon zombie (Crypt:1)
  4 goliath frogs
  An obsidian statue (Zot:5)
  An iron giant zombie (Crypt:2)
  A tengu zombie (Crypt:3)
  A shadow demon (D:11)
  6 wizards
  3 flayed ghosts
  12 naga ritualists
  8 lindwurms
  2 glowing orange brains
  17 bog bodies
  8 necromancers
  4 phantasmal warriors
  7 spectral spriggans (Swamp:3)
  An orange crystal statue (Depths:3)
  A golden dragon skeleton (Depths:3)
  20 deep elf pyromancers
  4 orc knights
  5 swamp dragons
  12 ironbound convokers
  29 deep elf zephyrmancers
  34 ugly things
  4 cyclopes
  4 orc sorcerers
  A shadow dragon skeleton (Crypt:2)
  3 manticores
  7 mana vipers
  2 shining eyes (Slime:3)
  5 will-o-the-wisps
  20 salamanders
  A fire giant skeleton (Crypt:3)
  20 moths of wrath
  17 elephants
  11 vault sentinels
  39 black mambas
  The ghost of bmj180 the Chopper, a novice HOFi of Kikubaaqudgha (D:4)
  18 naga magi
  5 guardian serpents
  2 ice statues (IceCv)
  12 cane toads
  A smoke demon (Lair:5)
  2 orange demons (Lair:5)
  3 eyes of devastation
  5 gargoyles
  A centaur skeleton (Crypt:3)
  2 unseen horrors (D:7)
  2 efreet
  8 freezing wraiths
  2 ice devils (Lair:5)
  10 rime drakes
  29 yaktaurs
  12 komodo dragons
  A swamp worm zombie (Crypt:1)
  A catoblepas zombie (Crypt:2)
  7 tengu conjurers
  A black draconian skeleton (Crypt:3)
  5 trolls
  A catoblepas skeleton (Crypt:2)
  A harpy zombie (Crypt:3)
  A pale draconian skeleton (Crypt:2)
  A polar bear (Lair:5)
  A sea snake skeleton (Crypt:1)
  A guardian mummy (Crypt:3)
  A bloated husk (Swamp:3)
  3 hellwings (Swamp:4)
  2 red devils (Lair:5)
  2 tarantellas (shapeshifter)
  4 tyrant leeches
  A polar bear (shapeshifter) (D:15)
  2 harpy skeletons (Crypt:3)
  15 hornets
  6 dream sheep (Lair:5)
  A moth of wrath zombie (Crypt:1)
  7 blink frogs
  An iron dragon simulacrum (Crypt:3)
  93 slime creatures
  Sigmund (D:2)
  2 jumping spiders (shapeshifter)
  4 air elementals
  A culicivora (Vaults:3)
  9 wraiths
  9 flying skulls
  3 vampires (Crypt:3)
  A spriggan (shapeshifter) (D:14)
  14 water elementals
  29 spriggans
  4 wyverns
  36 yaks
  4 fire elementals
  6 basilisks
  A death yak simulacrum (IceCv)
  12 golden eyes
  A golden eye (shapeshifter) (Depths:3)
  3 steam dragons
  A chaos spawn (Swamp:4)
  2 redbacks (Vaults:3)
  8 vampire mosquitoes
  6 neqoxecs
  17 swamp worms
  5 wargs
  A two-headed ogre zombie (Crypt:3)
  41 nagas
  17 water moccasins
  4 acid dragons
  A deep troll skeleton (Crypt:3)
  Duvessa (D:4)
  4 hell hounds (Lair:5)
  A hornet zombie (Crypt:1)
  2 ice beasts
  A swamp drake (D:10)
  22 orc warriors
  3 black bears
  3 sky beasts
  31 ogres
  25 wolves
  A manticore zombie (Crypt:3)
  5 centaurs
  4 kobold brigands
  3 phantoms
  12 bullfrogs
  A gnoll sergeant (D:12)
  4 necrophages
  3 earth elementals
  2 scorpions (D:5)
  Dowan (D:4)
  6 wights
  A warg skeleton (Crypt:1)
  15 killer bees
  3 electric eels
  4 howler monkeys
  3 jellies
  4 quasits (Orc:1)
  6 hounds
  3 gnoll boudas
  12 orc priests
  Ijyb (D:3)
  A basilisk skeleton (Crypt:1)
  4 iguanas
  15 orc wizards
  3 wolf simulacra (IceCv)
  2 naga zombies
  A deep dwarf skeleton (Crypt:2)
  An ogre skeleton (Crypt:2)
  11 mummies (Crypt:3)
  7 adders
  17 gnolls
  2 shadow imps
  4 white imps
  An ufetubus (D:5)
  2 worms (D:2)
  3 dart slugs
  78 orcs
  6 endoplasms
  A giant cockroach (D:4)
  7 goblins
  8 hobgoblins
  2 jackals (D:1)
  27 kobolds
  3 quokkas
  6 ball pythons
  3 bats (D:1)
  2 frilled lizards
  A goblin skeleton (Crypt:1)
  A hobgoblin zombie (Crypt:1)
  An orc zombie (Crypt:3)
  4 rats
  3 ball lightnings
  A butterfly (Lair:1)
2156 creatures vanquished.

Vanquished Creatures (collateral kills)
  3 deep elf zephyrmancers (Elf:1)
  9 ball lightnings
12 creatures vanquished.

Vanquished Creatures (others)
  2 deep elf knights (Elf:1)
  A deep elf pyromancer (Elf:1)
  A deep elf zephyrmancer (Elf:1)
  3 bloated husks (Swamp:3)
  A blink frog (Lair:4)
  A flying skull (Crypt:1)
  A chaos spawn (Swamp:4)
  470 ball lightnings
  A butterfly (Depths:4)
  30 foxfires
511 creatures vanquished.

Grand Total: 2679 creatures vanquished

Notes
Turn   | Place    | Note
-------+----------+-------------------------------------------
     0 | D:1      | PaperRat the Tengu Cinder Acolyte began the quest for the
                  | Orb.
     0 | D:1      | Reached XP level 1. HP: 14/14 MP: 3/3
   232 | D:1      | Reached skill level 1 in Stealth
   273 | D:1      | Reached XP level 2. HP: 19/19 MP: 4/4
   280 | D:1      | Learned a level 2 spell: Scorch
  1001 | D:2      | Reached XP level 3. HP: 23/23 MP: 3/6
  1648 | D:2      | Reached skill level 1 in Dodging
  1853 | D:2      | Noticed Sigmund
  2027 | D:1      | Reached XP level 4. HP: 28/28 MP: 2/7
  2610 | D:3      | Noticed Ijyb
  2615 | D:3      | Gained mutation: Your magical nature lets you fly swiftly
                  | and evasively. [Tengu growth]
  2615 | D:3      | Reached XP level 5. HP: 32/32 MP: 9/9
  2636 | D:3      | Killed Ijyb
  2680 | D:3      | Found a burning altar of Makhleb.
  2680 | D:3      | Noticed a cacodemon
  3147 | D:4      | Found Diumolo's Assorted Antiques.
  3156 | D:4      | Bought a gold wand for 92 gold pieces
  3156 | D:4      | Bought a scroll labelled BAILYHAFEL for 23 gold pieces
  3373 | D:4      | Noticed Duvessa
  3374 | D:4      | Noticed Dowan
  3387 | D:4      | Killed Duvessa
  3388 | D:4      | Reached skill level 5 in Fire Magic
  3388 | D:4      | Reached XP level 6. HP: 22/38 MP: 2/10
  3388 | D:4      | Killed Dowan
  3668 | D:4      | Found a staircase to the Ecumenical Temple.
  3707 | D:4      | Identified the +9 morningstar of Noon {holy, Str+3}
  3722 | Temple   | Entered the Ecumenical Temple
  4051 | D:4      | Found a transporter.
  4053 | D:4      | Noticed bmj180's ghost (novice HOFi)
  4054 | D:4      | Identified the +6 giant club of the Mind {antimagic, rElec
                  | rC+ Dex+2}
  4074 | D:4      | Found a transporter.
  4280 | D:5      | Entered Level 5 of the Dungeon
  4280 | D:5      | Found a basalt altar of Yredelemnul.
  4286 | D:5      | Found a radiant altar of Vehumet.
  4420 | D:5      | Reached XP level 7. HP: 43/43 MP: 11/11
  4568 | D:5      | Reached skill level 1 in Evocations
  4670 | D:5      | Found an ornate altar of the Wu Jian Council.
  4670 | D:5      | Noticed a yak
  4685 | D:5      | Noticed a yak
  4720 | D:5      | Killed a yak
  4971 | D:5      | Noticed a yak
  4979 | D:5      | Killed a yak
  4980 | D:5      | Reached XP level 8. HP: 37/48 MP: 6/13
  5001 | D:5      | Killed a yak
  5002 | D:5      | Reached skill level 5 in Fighting
  5008 | D:5      | Learned a level 5 spell: Irradiate
  5166 | D:5      | Found a sparkling altar of Nemelex Xobeh.
  5575 | D:5      | Reached skill level 1 in Shields
  5913 | D:5      | Noticed a wyvern
  6203 | D:2      | Killed Sigmund
  6449 | D:6      | Found a hide-covered altar of Uskayaw.
  6505 | D:6      | Reached skill level 2 in Shields
  6605 | D:6      | Reached skill level 5 in Dodging
  6740 | D:6      | Reached skill level 3 in Shields
  6740 | D:6      | Reached XP level 9. HP: 40/55 MP: 1/14
  6988 | D:6      | Found a sacrificial altar of Ru.
  7015 | D:6      | Reached skill level 4 in Shields
  7134 | D:6      | Reached skill level 1 in Conjurations
  7224 | D:6      | Found a snail-covered altar of Cheibriados.
  7548 | D:6      | Reached skill level 1 in Transmutations
  8595 | D:7      | Learned a level 4 spell: Sticky Flame
  8606 | D:7      | Noticed a gargoyle
  8626 | D:7      | Noticed a gargoyle
  8682 | D:7      | Killed an unseen horror
  8698 | D:7      | Killed a gargoyle
  8699 | D:7      | Reached skill level 5 in Conjurations
  8699 | D:7      | Reached XP level 10. HP: 63/63 MP: 3/15
  8837 | D:7      | Killed a gargoyle
  8962 | D:7      | Paralysed by a wight for 5 turns
  9107 | D:7      | Noticed a gargoyle
  9185 | D:7      | Killed a gargoyle
  9453 | D:7      | Noticed an unseen horror
  9456 | D:7      | Killed an unseen horror
  9612 | D:7      | Identified the +0 chain mail "Xefril" {rF- rC+ rN+++ MP+9}
  9641 | D:7      | Reached skill level 5 in Transmutations
 10037 | D:4      | Killed bmj180's ghost
 10412 | D:8      | Found a staircase to the Lair.
 10756 | D:8      | Found an ancient bone altar of Kikubaaqudgha.
 10762 | D:8      | Found a broken altar of Ashenzari.
 10769 | D:8      | Found an iron altar of Okawaru.
 11207 | D:8      | Reached XP level 11. HP: 42/68 MP: 11/16
 11728 | D:9      | Reached skill level 1 in Armour
 11745 | D:9      | Reached skill level 10 in Conjurations
 11798 | D:9      | Found a flagged portal.
 11963 | Bailey   | Entered a bailey
 12178 | Bailey   | Noticed a two-headed ogre
 12190 | Bailey   | Killed a two-headed ogre
 12672 | D:9      | Noticed Erolcha
 12685 | D:9      | Killed Erolcha
 13313 | D:9      | Found Etae's Book Boutique.
 13325 | D:9      | Bought Maxwell's Memoranda for 418 gold pieces
 13331 | D:9      | Learned a level 5 spell: Arcjolt
 13415 | Lair:1   | Entered Level 1 of the Lair of Beasts
 13423 | Lair:1   | Reached skill level 5 in Spellcasting
 13458 | D:8      | Reached skill level 1 in Air Magic
 13603 | D:8      | Reached skill level 5 in Armour
 13697 | D:8      | Reached XP level 12. HP: 73/75 MP: 14/21
 15056 | Lair:2   | Reached skill level 5 in Air Magic
 15093 | Lair:2   | Noticed a skyshark
 15105 | Lair:2   | Killed a skyshark
 15355 | Lair:2   | Found a staircase to the Snake Pit.
 15754 | Lair:2   | Reached skill level 10 in Fighting
 16031 | Lair:2   | Reached XP level 13. HP: 78/82 MP: 23/23
 16920 | Lair:3   | Noticed Snorg
 17182 | Lair:3   | Reached skill level 5 in Polearms
 17391 | Lair:3   | Found a staircase to the Swamp.
 17952 | Lair:3   | Killed Snorg
 17953 | Lair:3   | Reached skill level 10 in Air Magic
 18135 | Lair:4   | Found a frozen archway.
 18183 | IceCv    | Entered an ice cave
 18299 | IceCv    | Found a transporter.
 18309 | IceCv    | Found a transporter.
 18520 | Lair:4   | Noticed Josephine
 18562 | Lair:4   | Killed Josephine
 19303 | Lair:4   | Noticed Sonja
 19304 | Lair:4   | Sonja changed into Sonja the golden eye
 19304 | Lair:4   | Noticed Sonja
 19308 | Lair:4   | Killed Sonja the golden eye
 19840 | D:4      | Bought a condenser vane for 920 gold pieces
 20001 | Lair:5   | Entered Level 5 of the Lair of Beasts
 20047 | Lair:5   | Reached skill level 5 in Evocations
 20274 | Lair:5   | Reached XP level 14. HP: 76/88 MP: 1/24
 21120 | Lair:5   | Found a staircase to the Slime Pits.
 21120 | Lair:5   | Found a viscous altar of Jiyva.
 21903 | Lair:5   | Found a burning altar of Makhleb.
 21911 | Lair:5   | Found a gateway to Hell.
 21948 | Lair:5   | Identified the +0 mace of Due Proportion {flame, rElec rC+
                  | Str+2}
 22279 | D:10     | Entered Level 10 of the Dungeon
 22840 | D:10     | Identified the +2 tower shield of the Armoured One {rPois
                  | rC- Int+2}
 22868 | D:10     | Found a shimmering blue altar of Sif Muna.
 22868 | D:10     | Found a stormy altar of Qazlal.
 22894 | D:10     | Found Riel's Retail Resort.
 22900 | D:10     | Bought a potion of resistance for 140 gold pieces
 23020 | D:10     | Found a staircase to the Orcish Mines.
 23115 | Orc:1    | Entered Level 1 of the Orcish Mines
 23199 | Orc:1    | Found a transporter.
 23213 | Orc:1    | Noticed casual's ghost (journeyman MeMo)
 23540 | Orc:1    | Found a transporter.
 23931 | Orc:1    | Gained mutation: You are dopey. (Int -2) [a neqoxec]
 24056 | Orc:1    | Killed casual's ghost
 24122 | Orc:2    | Entered Level 2 of the Orcish Mines
 24122 | Orc:2    | Found a staircase to the Elven Halls.
 24182 | Orc:2    | Found a dark tunnel.
 24211 | Volcano  | Entered a volcano
 24331 | Volcano  | Noticed a stone giant
 24337 | Volcano  | Killed a stone giant
 24923 | Orc:2    | Reached XP level 15. HP: 94/96 MP: 14/25
 25458 | Orc:2    | Found Tueneiz's Magic Scroll Shoppe.
 25464 | Orc:2    | Reached skill level 10 in Dodging
 25467 | Orc:2    | Found Kahez's Antique Armour Boutique.
 25467 | Orc:2    | Found Hinto's Armour Emporium.
 25467 | Orc:2    | Found Sixuutoa's Weapon Boutique.
 25568 | Orc:2    | Bought a scroll of acquirement for 832 gold pieces
 25568 | Orc:2    | Acquired a +1 demon trident of draining
 25575 | Orc:2    | Bought a scroll of identify for 32 gold pieces
 25575 | Orc:2    | Bought a scroll of identify for 32 gold pieces
 25577 | Orc:2    | Bought a scroll of identify for 32 gold pieces
 25578 | Orc:2    | Reached XP level 16. HP: 101/101 MP: 28/28
 25854 | D:11     | Reached skill level 10 in Armour
 27100 | D:12     | Identified the +6 whip "Icuaps" {heavy, Dex+2}
 27481 | D:13     | Noticed Frances
 27507 | D:13     | Killed Frances
 27692 | D:13     | Learned a level 6 spell: Conjure Ball Lightning
 28007 | D:13     | Noticed Urug
 28009 | D:13     | Killed Urug
 28137 | D:13     | Learned a level 4 spell: Airstrike
 28140 | D:13     | Learned a level 2 spell: Passwall
 28421 | D:13     | Found a gate to the Vaults.
 28566 | D:14     | Reached skill level 10 in Polearms
 28587 | D:14     | Reached skill level 15 in Air Magic
 29430 | D:14     | Reached XP level 17. HP: 84/106 MP: 25/30
 29868 | D:14     | Found the +27 heavy crossbow "Sniper" {heavy, Acc+∞ SInv}
 30063 | D:14     | Identified the +6 quarterstaff of Ojouchoc {pain, Str+3
                  | Stlth+}
 30072 | D:14     | Identified the +13 plate armour of Shadows and Fog {Dex+2}
 30215 | D:15     | Entered Level 15 of the Dungeon
 30578 | D:15     | Found a runed translucent door.
 30866 | D:15     | Found a staircase to the Depths.
 31260 | Orc:2    | Bought a scroll of enchant weapon for 120 gold pieces
 31534 | Snake:1  | Entered Level 1 of the Snake Pit
 31645 | Snake:1  | You are sucked into a shaft and drop 1 floor!
 32115 | Snake:2  | Identified the +5 pair of gloves "Bioryr" {rC+ rN+ Regen+}
 34713 | Snake:2  | Reached skill level 5 in Shields
 35810 | Snake:3  | Upgraded the game from 0.31-a0-631-g285b096dc4 to
                  | 0.31-a0-640-g39d97e502b
 35995 | Snake:3  | Reached XP level 18. HP: 109/112 MP: 13/31
 36036 | Snake:3  | Noticed Vashnia
 36042 | Snake:3  | Killed Vashnia
 36393 | Snake:3  | Found Idosh's Antique Armour Emporium.
 36395 | Snake:3  | Found Soehuto's Weapon Shoppe.
 36395 | Snake:3  | Found Itiwevvi's Assorted Antiques.
 36398 | Snake:3  | Found Feyschiam's Antique Weapon Shoppe.
 36420 | Snake:3  | Bought a steaming amber ring for 175 gold pieces
 36420 | Snake:3  | Identified the ring of Cinod {rElec Str+6 Int+4 Slay-4
                  | SInv} (You bought it in a shop on level 3 of the Snake Pit)
 36425 | Snake:3  | Bought a small jade ring for 175 gold pieces
 37397 | Snake:3  | Reached skill level 6 in Shields
 37596 | Snake:4  | Entered Level 4 of the Snake Pit
 39437 | Snake:4  | Reached skill level 7 in Shields
 40772 | Snake:4  | Got a serpentine rune of Zot
 41757 | Swamp:1  | Entered Level 1 of the Swamp
 42038 | Swamp:1  | Found a runed translucent door.
 42039 | Swamp:1  | Noticed PaperRat's ghost (adept TeCA)
 42040 | Swamp:1  | Identified the +5 spear of Todalouh {pain, Dex+6}
 42045 | Swamp:1  | Reached XP level 19. HP: 114/119 MP: 21/32
 42396 | Swamp:1  | Reached skill level 8 in Shields
 42405 | Swamp:1  | Noticed Mlioglotl
 42464 | Swamp:1  | Learned a level 8 spell: Maxwell's Capacitive Coupling
 42722 | Swamp:1  | Killed Mlioglotl
 43471 | Swamp:2  | Identified the +1 chain mail of the Supporting Gods {Int+5}
 43599 | Swamp:2  | Noticed Nikola
 43688 | Swamp:2  | Killed Nikola
 44628 | Swamp:3  | Noticed esper6's ghost (journeyman GnNe)
 44632 | Swamp:3  | Found a transporter.
 44641 | Swamp:3  | Found a transporter.
 44642 | Swamp:3  | Found a bloodstained altar of Trog.
 45401 | Swamp:3  | Found a bloodstained altar of Trog.
 45643 | Swamp:3  | Reached skill level 9 in Shields
 46462 | Swamp:3  | Killed esper6's ghost
 46625 | Swamp:4  | Entered Level 4 of the Swamp
 46871 | Swamp:4  | Noticed Donald
 46877 | Swamp:4  | Killed Donald
 46898 | Swamp:4  | Reached skill level 10 in Shields
 47068 | Swamp:4  | Gained mutation: You are weak. (Str -2) [a neqoxec]
 47851 | Swamp:4  | Reached XP level 20. HP: 125/127 MP: 22/33
 48062 | Swamp:4  | Got a decaying rune of Zot
 48427 | Swamp:1  | Killed PaperRat's ghost
 48436 | Swamp:1  | Identified the +1 helmet of Whack-A-Mole {rC- Int+4}
 48833 | Elf:1    | Entered Level 1 of the Elven Halls
 49060 | Elf:1    | Paralysed by an air elemental for 1 turns
 49198 | Elf:1    | Noticed Aizul
 49207 | Elf:1    | Killed Aizul
 49244 | Elf:1    | Reached skill level 11 in Shields
 49356 | Elf:1    | Noticed Roxanne
 49590 | Elf:1    | Paralysed by an air elemental for 1 turns
 50063 | Elf:1    | Noticed Zenata
 50251 | Elf:1    | Killed Zenata
 50364 | Elf:1    | Learned a level 1 spell: Summon Small Mammal
 50376 | Elf:1    | Killed Roxanne
 50456 | Elf:2    | Paralysed by an air elemental for 1 turns
 50557 | Elf:2    | Found an ancient bone altar of Kikubaaqudgha.
 51318 | Elf:2    | Reached skill level 15 in Fighting
 51414 | Elf:2    | Found a runed translucent gate.
 51414 | Elf:2    | Found a runed translucent gate.
 51435 | Elf:2    | Found a runed translucent gate.
 51682 | Elf:2    | Found Joddasch's Book Boutique.
 51863 | Elf:2    | Lost mutation: You are dopey. (Int -2) [potion of mutation]
 51863 | Elf:2    | Lost mutation: You are weak. (Str -2) [potion of mutation]
 51863 | Elf:2    | Gained mutation: Your muscles are strong. (Str +4, Int/Dex
                  | -1) [potion of mutation]
 51863 | Elf:2    | Gained mutation: You have hidden genetic potential. [potion
                  | of mutation]
 51863 | Elf:2    | Gained mutation: You have sharp fingernails. [potion of
                  | mutation]
 51865 | Elf:3    | Entered Level 3 of the Elven Halls
 53202 | Elf:3    | Identified the +6 demon whip "Woutueri" {freeze, *Corrode
                  | rElec SInv}
 53240 | Elf:3    | Identified the +7 great mace of the Valley {freeze, Str+4}
 53240 | Elf:3    | Identified the ring of Yviriu {rN+ MP+9}
 53244 | Elf:3    | Reached skill level 10 in Spellcasting
 53350 | Elf:3    | Reached skill level 12 in Shields
 53671 | Elf:3    | Reached XP level 21. HP: 131/135 MP: 12/36
 54601 | Elf:3    | Reached skill level 13 in Shields
 54718 | Elf:3    | Got the Elucidation of Therianthropy and the Commander
 54740 | Elf:3    | Got Willworking and You
 54744 | Elf:3    | Learned a level 2 spell: Blink
 54947 | Orc:2    | Bought a scroll of fear for 64 gold pieces
 54947 | Orc:2    | Bought a scroll of immolation for 64 gold pieces
 55303 | Snake:3  | Bought a potion of invisibility for 280 gold pieces
 55631 | Vaults:1 | Entered Level 1 of the Vaults
 56926 | Vaults:1 | Found Jaazir's General Store.
 56937 | Vaults:1 | Paralysed by a formless jellyfish for 1 turns
 56946 | Vaults:1 | Paralysed by a formless jellyfish for 1 turns
 56976 | Vaults:1 | Bought a potion of heal wounds for 100 gold pieces
 56976 | Vaults:1 | Bought a potion of might for 80 gold pieces
 57330 | Vaults:1 | Found Wuliffir's Book Emporium.
 57349 | Vaults:1 | Reached skill level 5 in Stealth
 57440 | Vaults:1 | Learned a level 5 spell: Freezing Cloud
 58049 | Vaults:2 | Reached skill level 1 in Translocations
 58268 | Vaults:2 | Gained mutation: Your spells are a little harder to cast,
                  | but a little more powerful. [hidden potential]
 59580 | Vaults:2 | Found a staircase to the Crypt.
 60385 | Vaults:3 | Reached XP level 22. HP: 137/143 MP: 17/37
 62031 | Vaults:4 | Noticed Mara
 62033 | Vaults:4 | Noticed Jory
 62044 | Vaults:4 | Killed Mara
 62327 | Vaults:4 | Noticed Saint Roka
 62338 | Vaults:4 | Killed Saint Roka
 62339 | Vaults:4 | Reached skill level 15 in Armour
 62528 | Vaults:4 | Reached skill level 14 in Shields
 63079 | Vaults:4 | Killed Jory
 63125 | Vaults:4 | Gained mutation: Your movements are slightly less
                  | encumbered by armour. (ER -2) [hidden potential]
 63125 | Vaults:4 | Lost mutation: You have hidden genetic potential. [hidden
                  | potential expressed]
 63249 | Vaults:4 | Got the Notes on the Red-Hot Geodesic
 63446 | Vaults:4 | Identified the +0 arbalest "Risuvyt" {antimagic, *Corrode
                  | rElec rC+ Int+3}
 64335 | Slime:1  | Entered Level 1 of the Pits of Slime
 65551 | Slime:3  | Paralysed by a formless jellyfish for 1 turns
 65557 | Slime:2  | Paralysed by a formless jellyfish for 1 turns
 65653 | Slime:2  | Paralysed by a formless jellyfish for 1 turns
 66520 | Slime:5  | Entered Level 5 of the Pits of Slime
 66598 | Slime:5  | Reached XP level 23. HP: 149/149 MP: 19/39
 66949 | Slime:5  | Noticed Dissolution
 66979 | Slime:5  | Gained mutation: You occasionally lose the ability to read
                  | scrolls when taking damage. [a shining eye]
 67097 | Slime:4  | Killed Dissolution
 67098 | Slime:4  | Lost mutation: Your movements are slightly less encumbered
                  | by armour. (ER -2) [potion of mutation]
 67098 | Slime:4  | Lost mutation: Your spells are a little harder to cast, but
                  | a little more powerful. [potion of mutation]
 67098 | Slime:4  | Lost mutation: Your muscles are strong. (Str +4, Int/Dex
                  | -1) [potion of mutation]
 67098 | Slime:4  | Gained mutation: You occasionally lose the ability to drink
                  | potions when taking damage. [potion of mutation]
 67098 | Slime:4  | Gained mutation: You have a somewhat thin skeletal
                  | structure. (Dex +2, Stealth+) [potion of mutation]
 67098 | Slime:4  | Gained mutation: You sometimes lose the ability to drink
                  | potions when taking damage. [potion of mutation]
 67099 | Slime:4  | Lost mutation: You sometimes lose the ability to drink
                  | potions when taking damage. [potion of mutation]
 67099 | Slime:4  | Lost mutation: You occasionally lose the ability to read
                  | scrolls when taking damage. [potion of mutation]
 67099 | Slime:4  | Lost mutation: You have a somewhat thin skeletal structure.
                  | (Dex +2, Stealth+) [potion of mutation]
 67099 | Slime:4  | Gained mutation: You passively dampen the noise of your
                  | surroundings. [potion of mutation]
 67099 | Slime:4  | Gained mutation: You sometimes lose your temper in combat.
                  | [potion of mutation]
 67099 | Slime:4  | Gained mutation: You are partially covered in iridescent
                  | scales. (AC +2) [potion of mutation]
 67100 | Slime:4  | Lost mutation: You are partially covered in iridescent
                  | scales. (AC +2) [potion of mutation]
 67100 | Slime:4  | Lost mutation: You occasionally lose the ability to drink
                  | potions when taking damage. [potion of mutation]
 67100 | Slime:4  | Lost mutation: You have sharp fingernails. [potion of
                  | mutation]
 67100 | Slime:4  | Lost mutation: You sometimes lose your temper in combat.
                  | [potion of mutation]
 67276 | Slime:5  | Paralysed by a great orb of eyes for 5 turns
 67387 | Slime:5  | Noticed the Royal Jelly
 67420 | Slime:5  | Killed the Royal Jelly
 68507 | Slime:5  | Identified the ring of Douroom {Will- AC+4 Int+5}
 68704 | Slime:5  | Got the Omnibus of the Bloody Icicle
 68714 | Slime:5  | Identified the +10 longbow of the Wraith {elec, rElec Int+3
                  | Dex-3}
 68722 | Slime:5  | Got a slimy rune of Zot
 68741 | Slime:5  | Found the sphere of Battle
 68768 | Slime:5  | Got the Essays on Feculent Bedrock
 68770 | Slime:5  | Identified the +10 sling of Ates {heavy, rElec rN+ Dex-5}
 69201 | D:15     | Learned a level 4 spell: Iskenderun's Mystic Blast
 69202 | Depths:1 | Entered Level 1 of the Depths
 69436 | Depths:1 | Reached skill level 15 in Shields
 69684 | Depths:1 | Found Yjokhoc's Jewellery Emporium.
 69685 | Depths:1 | Found Mydown's Book Boutique.
 69686 | Depths:1 | Found Regit's Jewellery Emporium.
 69695 | Depths:1 | Bought an amulet of magic regeneration for 300 gold pieces
 70006 | Depths:1 | You are sucked into a shaft and drop 1 floor!
 70007 | Depths:2 | Found a one-way gateway to a ziggurat.
 70007 | Depths:2 | Found a one-way gate leading to the halls of Pandemonium.
 70293 | Depths:2 | Found Atuobifiwn's Weapon Emporium.
 70353 | Depths:1 | Found Kymu's Weapon Emporium.
 70359 | Depths:2 | Noticed Louise
 70363 | Depths:2 | Killed Louise
 70364 | Depths:2 | Reached skill level 10 in Evocations
 70864 | Depths:2 | Found a one-way gate to the infinite horrors of the Abyss.
 71439 | Depths:2 | Noticed Vv
 71451 | Depths:2 | Killed Vv
 71625 | Depths:2 | Noticed a caustic shrike
 71713 | Depths:2 | Killed a caustic shrike
 71714 | Depths:2 | Reached skill level 16 in Shields
 71717 | Depths:2 | Reached XP level 24. HP: 157/157 MP: 29/40
 71737 | Depths:2 | Got the Codex of the Sea
 71894 | Depths:3 | Noticed Grunn
 72009 | Depths:3 | Killed Grunn
 72739 | Depths:3 | Identified the +0 ring mail of Henotheism {Will+}
 72843 | Depths:3 | Found a runed translucent door.
 72960 | Depths:3 | Identified the +8 eveningstar of Ignis's Esteem {freeze,
                  | *Corrode Int+4}
 73293 | Depths:4 | Entered Level 4 of the Depths
 73301 | Depths:4 | Noticed the Enchantress
 73306 | Depths:4 | Killed the Enchantress
 73443 | Depths:4 | Acquired the +1 cloak of Starlight {*Dazzle EV+4 Stlth--}
 73443 | Depths:4 | Found the +1 cloak of Starlight {*Dazzle EV+4 Stlth--}
 73557 | Depths:4 | Found a white marble altar of Elyvilon.
 73910 | Depths:4 | Reached skill level 17 in Shields
 73953 | Depths:4 | Found a gate to the Realm of Zot.
 74034 | Depths:4 | Identified the +3 chain mail of the Harp {rF+ Regen+ Int+3}
 74353 | Depths:4 | Noticed Frederick
 74357 | Depths:4 | Killed Frederick
 74590 | Zot:1    | Entered Level 1 of the Realm of Zot
 75897 | Zot:2    | Reached XP level 25. HP: 157/166 MP: 33/40
 76837 | Zot:2    | Found the +4 dragonskin cloak
 76837 | Zot:2    | Noticed Tiamat
 76856 | Zot:2    | Killed Tiamat
 76857 | Zot:2    | Reached skill level 18 in Shields
 76992 | Zot:2    | Noticed an orb of fire
 76997 | Zot:2    | Killed an orb of fire
 78112 | Zot:3    | Learned a level 6 spell: Plasma Beam
 78413 | Zot:3    | Reached skill level 19 in Shields
 78899 | Zot:3    | Identified the +8 orcbow of Action {freeze, rF+ Str+3
                  | Dex-5}
 79603 | Zot:4    | Reached skill level 20 in Shields
 79668 | Zot:5    | Entered Level 5 of the Realm of Zot
 80149 | Zot:5    | Reached XP level 26. HP: 174/174 MP: 33/40
 80370 | Zot:5    | Reached skill level 21 in Shields
 80568 | Zot:5    | Noticed an ancient lich
 80572 | Zot:5    | Killed an ancient lich
 80574 | Zot:5    | Noticed an orb of fire
 80575 | Zot:5    | Noticed an orb of fire
 80579 | Zot:5    | Killed an orb of fire
 80581 | Zot:5    | Noticed an orb of fire
 80585 | Zot:5    | Killed an orb of fire
 80589 | Zot:5    | Gained mutation: You are frail. (-10% HP) [an orb of fire]
 80590 | Zot:5    | Killed an orb of fire
 80656 | Zot:5    | Lost mutation: You passively dampen the noise of your
                  | surroundings. [potion of mutation]
 80656 | Zot:5    | Lost mutation: You are frail. (-10% HP) [potion of
                  | mutation]
 80656 | Zot:5    | Gained mutation: You are partially covered in iridescent
                  | scales. (AC +2) [potion of mutation]
 80656 | Zot:5    | Gained mutation: Your system is resistant to poisons.
                  | (rPois) [potion of mutation]
 80828 | Zot:5    | Noticed a Killer Klown
 80832 | Zot:5    | Killed a Killer Klown
 80873 | Zot:5    | Reached skill level 22 in Shields
 81270 | Zot:5    | Noticed a dread lich
 81276 | Zot:5    | Killed a dread lich
 81291 | Zot:5    | Noticed a Killer Klown
 81296 | Zot:5    | Killed a Killer Klown
 81326 | Zot:5    | Noticed an orb of fire
 81336 | Zot:5    | Killed an orb of fire
 81337 | Zot:5    | Reached skill level 23 in Shields
 81342 | Zot:5    | Noticed an orb of fire
 81345 | Zot:5    | Killed an orb of fire
 81445 | Zot:5    | Noticed an orb of fire
 81451 | Zot:5    | Killed an orb of fire
 81461 | Zot:5    | Noticed an orb of fire
 81466 | Zot:5    | Killed an orb of fire
 82213 | Crypt:1  | Entered Level 1 of the Crypt
 82493 | Crypt:1  | Reached skill level 24 in Shields
 82706 | Crypt:1  | Reached XP level 27. HP: 179/179 MP: 23/40
 83474 | Crypt:2  | Found a runed translucent gate.
 83474 | Crypt:2  | Found a runed translucent gate.
 83474 | Crypt:2  | Found a runed translucent gate.
 83475 | Crypt:2  | Noticed Datograv's ghost (adept NaAE)
 83475 | Crypt:2  | Noticed Qyg Kex's ghost (adept OpEE)
 83476 | Crypt:2  | Noticed Laziaso's ghost (adept GrFi)
 83476 | Crypt:2  | Noticed Titucsi's ghost (adept GrFi)
 83959 | Crypt:2  | Identified the +0 pair of boots of Cath {rC- Will+ Stlth+}
 84291 | Crypt:2  | Killed Titucsi's ghost
 84296 | Crypt:2  | Killed Laziaso's ghost
 84297 | Crypt:2  | Reached skill level 25 in Shields
 84300 | Crypt:2  | Killed Datograv's ghost
 84306 | Crypt:2  | Killed Qyg Kex's ghost
 84374 | Crypt:2  | Identified the staff "Cecwieg" {Drain rN++ Str+2 Stlth+
                  | Earth}
 84402 | Crypt:3  | Entered Level 3 of the Crypt
 84957 | Crypt:3  | Reached skill level 26 in Shields
 85281 | Crypt:3  | Noticed Sojobo
 85378 | Crypt:3  | Identified the ring "Nonwe" {rPois rN+ Str+2 Slay+2}
 85426 | Crypt:3  | Killed Sojobo
 85635 | Crypt:3  | Identified the amulet "Sicloqiu" {-Tele rPois rC+ rN+
                  | Regen+}
 85643 | Crypt:3  | Noticed a royal mummy
 85653 | Crypt:3  | Killed a royal mummy
 85664 | Crypt:3  | Noticed a dread lich
 85668 | Crypt:3  | Killed a dread lich
 85709 | Crypt:3  | Found a basalt altar of Yredelemnul.
 85712 | Crypt:3  | Found an ancient bone altar of Kikubaaqudgha.
 85729 | Crypt:3  | Got the Grimoire of Dark Arts
 85765 | Crypt:3  | Got the Codex of Snowy Contaminants
 85932 | Crypt:3  | Found a staircase to the Tomb.
 86240 | Vaults:5 | Entered Level 5 of the Vaults
 86263 | Vaults:5 | Reached skill level 27 in Shields
 86758 | Zot:5    | Got the Orb of Zot
 86876 | Depths:4 | Noticed a seraph
 87293 | D:$      | Escaped with the Orb!

Illustrated notes

Levels and vault maps discovered:
D:1:      dpeg_arrival_leaves_temple_mockup, layout_loops_ring
D:2:      layout_basic, fountainhead, uniq_sigmund
D:3:      layout_loops_cross, makhleb_altar_promises_db, uniq_ijyb
D:4:      layout_loops_corners, minmay_temple_entry_tees, gammafunk_ghost_smash,
          serial_shops, nicolae_shop_waterfront,
          amcnicky_mini_rare_corridor_liquid, uniq_duvessa
D:5:      corexii_shack_village, layout_basic, old_standard_altar,
          grunt_temple_overflow_open, general_overflow_altar
D:6:      layout_layer_cave, kennysheep_slug_shrine, amcnicky_altar_gilded,
          nicolae_ru_sacrificial_ziggurat, nicolae_grassy_gnolls
D:7:      minmay_the_grid_plus [minmay_the_grid_zigzag_pyramid,
          minmay_the_grid_aliased_spiral, minmay_the_grid_doors,
          minmay_the_grid_spin_star, minmay_the_grid_prize_inner_circle],
          layout_rooms, minmay_diced_spiral
D:8:      minmay_goldmine, layout_loops_ring, minmay_overflow_temple_star_quad,
          lair_entry_dummy
D:9:      layout_roguey, enter_bailey_8, serial_shops, nicolae_diamond_shop,
          uniq_erolcha
D:10:     layout_cave_pools, gammafunk_temple_overflow_elements, erik_orc_1,
          nicolae_alphabet_shops, minmay_misc_feat_encased, hex_medium
D:11:     layout_roguey
D:12:     layout_basic, statue_in_the_mist_lemuel
D:13:     layout_rooms, grunt_vaults_entry_fortified, nooodl_orcs_dogs,
          uniq_frances, uniq_urug
D:14:     kennysheep_water_balloons, layout_rooms
D:15:     grunt_enter_depths_snipers, layout_rooms,
          chequers_serial_rivers_micro_a, nicolae_danse_macabre
Temple:   dpeg_three_leaves_temple
Lair:1:   layout_loops_ring, lemuel_fruit_fields
Lair:2:   layout_chaotic_city, guppyfry_snake_entry_island,
          chequers_serial_rivers_marsh
Lair:3:   layout_gridlike, nicolae_swamp_entry_splash_gauntlet,
          grunt_megastairs_4, uniq_snorg
Lair:4:   layout_layer_cave, portal_ice_cave_rime, dreamdust_mushroom_princess,
          chequers_serial_rivers_micro_a, columned_hall_lemuel, uniq_sonja,
          uniq_josephine
Lair:5:   evil_forest, layout_cellular_growth, nicolae_slime_entry_slimehenge,
          grunt_megastairs_2
Swamp:1:  layout_basic_swamp, ebering_ghost_funeral_grove, serial_swamp_ruin,
          evilmike_swamp_ruin_rubble_2, evilmike_swamp_ruin_house_4,
          hangedman_swamp_ruin_wall, swamp_pool2, infiniplex_staircase_pool,
          uniq_mlioglotl
Swamp:2:  layout_basic_swamp, evilmike_swamp_ruin_house_6, swamp_pool1,
          nzn_swamp_dancing_lights, uniq_nikola
Swamp:3:  nicolae_swamp_flooded_prison, layout_basic_swamp,
          gammafunk_ghost_wrathful_warriors, nicolae_swamp_godswood
Swamp:4:  nzn_swamp_witches_coven, layout_basic_swamp, swamp_pool4, uniq_donald
Snake:1:  layout_onion_interference
Snake:2:  layout_honeycomb, lemuel_fruit_tree
Snake:3:  layout_basic, serial_bayou_shore_b, minmay_shoptagon, uniq_vashnia
Snake:4:  johnstein_snake_rune_scales, layout_cave_town
Slime:1:  cheibrodos_slime_lost_civilization_10, layout_caves
Slime:2:  layout_caves, cheibrodos_slime_lost_civilization_4
Slime:3:  layout_caves
Slime:4:  layout_caves
Slime:5:  slime_pit_nicolae_trefoil, uniq_dissolution
Orc:1:    layout_caves, gammafunk_ghost_stat_death
Orc:2:    st_orc_ogre_mass, layout_diamond_mine,
          nicolae_volcano_entry_vermiform, abandoned_shop
Elf:1:    layout_geoelf_octagon, minivault_28, uniq_aizul, uniq_zenata,
          uniq_roxanne
Elf:2:    elven_hall_of_blades_hangedman_original
          [nicolae_blade_entry_sentries_behind_glass], layout_gridlike,
          basic_altar, serial_shops, nicolae_shop_window_shopping,
          grunt_megastairs_5
Elf:3:    grunt_elf_hall_asides, layout_loops_corners,
          hangedman_elf_simple_split
Vaults:1: nicolae_vaults_an_arrangement, nicolae_vaults_rhombus_7,
          nicolae_vaults_trapezoid_2, v_pattern_1, vaults_room_corners,
          nicolae_vaults_shrinking_rooms_2, nicolae_vaults_apartment_2,
          ontoclasm_vaults_fault, hangedman_vaults_impose,
          nicolae_vaults_apartment_1, vaults_mumra_hexcomb,
          nicolae_vaults_trapezoid_1, nicolae_vaults_mini_display_case,
          nicolae_vaults_ninety_degrees, layout_vaults_omnicross, serial_shops,
          nicolae_shop_statue_plus, shop
Vaults:2: vaults_dpeg_diagonal, ontoclasm_vaults_ring_large,
          nicolae_vaults_diamond_1, nicolae_vaults_ring_of_whatevers,
          hangedman_vaults_nails, hangedman_vaults_stretched_pinwheel,
          layout_vaults_omnigrid, blue_anna_dwarven_crypt
Vaults:3: nicolae_vaults_three_branches, vaults_mumra_minichess,
          v_alt_pattern_3, nicolae_vaults_network_s, nicolae_vaults_two_Ls,
          v_misc_14, nicolae_vaults_apartment_2,
          nicolae_vaults_door_testing_chamber, v_misc_22, ontoclasm_vaults_chip,
          nicolae_vaults_house_2, layout_vaults_chaotic_city
Vaults:4: nicolae_vaults_tetromino_Z_2, nicolae_vaults_stand_back,
          grunt_vaults_trifunnel, nicolae_vaults_yaktaur_gun_rack,
          grunt_vaults_focal, v_misc_30, nicolae_vaults_tetromino_Z_2,
          grunt_vaults_funnel, grunt_vaults_bifocal,
          nicolae_vaults_trapezoid_layered, layout_vaults_omnibox, uniq_mara,
          uniq_saint_roka, uniq_jory
Vaults:5
Crypt:1:  layout_misc_corridors, eino_tiny_chamber
Crypt:2:  layout_basic, gammafunk_ghost_cemetery, grunt_ministairs_13,
          amcnicky_mini_corridor_feature
Crypt:3:  lightli_unholy_cathedral, layout_chaotic_city,
          nicolae_tomb_entry_unfolded_pyramid_orthogonal, uniq_sojobo
Depths:1: layout_forbidden_donut, hell_entry, kennysheep_big_empty_room,
          serial_shops, shop, glass_columns_c, lightli_minifort,
          hangedman_decor_cross_pass, minmay_shop_grove
Depths:2: kennysheep_bubble_arena, layout_cave_shapes, enter_ziggurat_a,
          nicolae_abyss_entry_one_way_or_another, grunt_mini_vestibule,
          nicolae_twisting_strands, pan_entry, serial_shops, shop,
          hangedman_decor_push, minmay_staircase_bubble, serial_bayou_shore_b,
          uniq_vv
Depths:3: dreamdust_tengu_aerie, layout_basic, abyss_entry_crystal,
          serial_sigils, serial_sigils_hangedman_gut,
          serial_sigils_hangedman_quiver, serial_sigils_hangedman_clutch,
          serial_sigils_hangedman_gnaw, hell_entry, minmay_crystal_box,
          uniq_grunn
Depths:4: grunt_x_marks_the_spot, layout_gridlike,
          nicolae_elyvilon_peaceful_grove, hell_entry, uniq_frederick,
          uniq_josephina, uniq_enchantress
Zot:1:    nicolae_zot_stationary_front, layout_basic, skrybe_zot_glass_3
Zot:2:    layout_concentric_octagons, uniq_tiamat
Zot:3:    lemuel_draconian_sentries_small, layout_onion
Zot:4:    layout_basic
Zot:5:    layout_basic, lemuel_golem_globe

Skill      XL: |  1  2  3  4  5  6  7  8  9 10 11 12 13 14 15 16 17 18 19 20 21 22 23 24 25 26 27 |
---------------+----------------------------------------------------------------------------------+-----
Stealth        | 1 2 3 4 6 |  6.3
Dodging        | 1 2 3 5 6 7 9 10 12 13 14 | 14.0
Spellcasting   | 2 3 5 6 7 8 10 11 12 | 12.0
Fire Magic     | 4 5 6 |  6.0
Fighting       | 4 6 7 8 10 11 12 13 14 15 16 17 18 19 20 | 20.0
Evocations     | 2 4 5 6 8 11 12 | 12.0
Shields        | 3 4 5 7 10 12 13 14 16 17 20 24 27 | 27.0
Conjurations   | 5 9 11 13 14 | 14.0
Transmutations | 3 5 6 |  6.0
Armour         | 5 6 7 9 11 12 14 15 16 17 18 | 18.0
Air Magic      | 2 7 11 13 15 18 19 20 21 | 21.0
Polearms       | 6 8 10 13 14 | 14.0
Translocations | 2 3 |  3.0

Action                     |  1- 3 |  4- 6 |  7- 9 | 10-12 | 13-15 | 16-18 | 19-21 | 22-24 | 25-27 || total
---------------------------+-------+-------+-------+-------+-------+-------+-------+-------+-------++-------
  Melee: Spear             |    57 |    61 |       |       |       |       |       |       |       ||   118
         Kick              |     6 |    14 |    22 |   143 |   200 |   219 |   336 |   340 |   383 ||  1663
         Peck              |     6 |     6 |     7 |    76 |   130 |   124 |   196 |   222 |   244 ||  1011
         Dagger            |       |     7 |    75 |   112 |       |       |       |       |       ||   194
         Morningstar       |       |       |       |    28 |       |       |       |       |       ||    28
         Trident           |       |       |       |   221 |   586 |       |       |       |       ||   807
         Staff             |       |       |       |       |     9 |    17 |       |       |       ||    26
         Demon trident     |       |       |       |       |       |   769 |  1105 |   796 |   918 ||  3588
         Punch             |       |       |       |       |       |       |     1 |       |       ||     1
  Throw: Stone             |    13 |       |       |       |       |       |       |       |       ||    13
         Dart              |     9 |    19 |    45 |    39 |    51 |    22 |     5 |       |     1 ||   191
         Throwing net      |       |       |       |       |       |       |       |     2 |       ||     2
   Cast: Scorch            |    16 |    24 |   112 |   128 |    65 |     3 |       |       |       ||   348
         Sticky Flame      |       |       |       |    64 |    66 |     2 |       |       |       ||   132
         Arcjolt           |       |       |       |       |    64 |    77 |    85 |   148 |    74 ||   448
         Irradiate         |       |       |       |       |    16 |    26 |    39 |    17 |    25 ||   123
         Airstrike         |       |       |       |       |       |   200 |   235 |   205 |   113 ||   753
         Conjure Ball Ligh |       |       |       |       |       |    52 |    89 |    37 |     8 ||   186
         Passwall          |       |       |       |       |       |     1 |       |       |     2 ||     3
         Maxwell's Capacit |       |       |       |       |       |       |     9 |    59 |    93 ||   161
         Summon Small Mamm |       |       |       |       |       |       |     2 |       |       ||     2
         Freezing Cloud    |       |       |       |       |       |       |    13 |    60 |    14 ||    87
         Plasma Beam       |       |       |       |       |       |       |       |       |   143 ||   143
 Invoke: Fiery Armour      |       |     2 |     1 |       |       |       |     1 |       |     1 ||     5
         Foxfire Swarm     |       |     1 |       |     1 |       |       |       |       |       ||     2
  Evoke: Wand              |       |     2 |     5 |     8 |    37 |    22 |    16 |    12 |    29 ||   131
         Lightning rod     |       |       |       |       |     4 |       |     4 |     4 |       ||    12
         Condenser vane    |       |       |       |       |     1 |       |     1 |     1 |     1 ||     4
         Box of beasts     |       |       |       |       |       |       |     1 |       |     1 ||     2
         Phial of floods   |       |       |       |       |       |       |       |       |     1 ||     1
    Use: Potion            |     1 |       |     1 |     3 |     6 |     5 |     9 |     5 |    14 ||    44
         Scroll            |     1 |     6 |     1 |     8 |    16 |    13 |     5 |    10 |    10 ||    70
   Stab: Sleeping          |     5 |     3 |       |     2 |     1 |     5 |     3 |     3 |     3 ||    25
         Distracted        |       |       |       |     1 |       |     1 |     1 |     1 |     3 ||     7
         Paralysed         |       |       |       |    11 |     9 |    15 |     9 |     8 |    15 ||    67
         Confused          |       |       |       |       |       |       |       |       |     3 ||     3
 Armour: Robe              |     5 |     2 |       |       |       |       |       |       |       ||     7
         Leather armour    |       |    12 |    27 |    27 |       |       |       |       |       ||    66
         Quicksilver drago |       |       |       |   114 |   232 |   191 |    99 |   148 |   179 ||   963
         Scale mail        |       |       |       |       |       |    29 |       |       |       ||    29
         Swamp dragon scal |       |       |       |       |       |       |    78 |       |       ||    78
  Dodge: Dodged            |    11 |    27 |    75 |   250 |   394 |   349 |   321 |   305 |   309 ||  2041
  Block: Buckler           |       |     3 |    24 |    96 |   146 |   114 |       |       |       ||   383
         Kite shield       |       |       |       |       |       |   317 |   729 |   533 |   527 ||  2106
         Reflection        |       |       |       |       |       |    81 |    92 |    37 |       ||   210
         Other             |       |       |       |       |       |       |     4 |       |       ||     4

Table legend: (Time is in decaauts)
 A = Elapsed time spent in this place.
 B = Non-inter-level travel time spent in this place.
 C = Inter-level travel time spent in this place.
 D = Time resting spent in this place.
 E = Time spent auto-exploring this place.
 F = Levels seen in this place.
 G = Mean time per level.
                   A        B        C        D        E       F      G
               +--------+--------+--------+--------+--------+-----+--------+
         Total |  81688 |  74741 |   6947 |  22429 |  30722 |  59 | 1384.5 |
       Dungeon |  20073 |  16997 |   3076 |   4316 |   7070 |  15 | 1338.2 |
        Temple |      1 |      1 |      0 |      0 |      0 |   1 |    1.0 |
          Lair |   8271 |   7543 |    728 |   2228 |   3167 |   5 | 1654.2 |
         Swamp |   6371 |   6142 |    229 |   2383 |   1956 |   4 | 1592.8 |
     Snake Pit |   9501 |   9059 |    442 |   3162 |   3933 |   4 | 2375.2 |
    Slime Pits |   4343 |   4183 |    160 |   2503 |    632 |   5 |  868.6 |
  Orcish Mines |   2562 |   2182 |    380 |    612 |    855 |   2 | 1281.0 |
   Elven Halls |   5704 |   5545 |    159 |   1835 |   2497 |   3 | 1901.3 |
        Vaults |   8142 |   7567 |    575 |   1707 |   4320 |   5 | 1628.4 |
         Crypt |   3371 |   3237 |    134 |    302 |   2016 |   3 | 1123.7 |
        Depths |   5277 |   4777 |    500 |   1180 |   1993 |   4 | 1319.2 |
           Zot |   6989 |   6429 |    560 |   1702 |   2231 |   5 | 1397.8 |
        Bailey |    494 |    494 |      0 |    243 |      0 |   1 |  494.0 |
      Ice Cave |    280 |    280 |      0 |    171 |      0 |   1 |  280.0 |
       Volcano |    302 |    302 |      0 |     78 |     48 |   1 |  302.0 |
               +--------+--------+--------+--------+--------+-----+--------+

Top non-repeatable levels by time:
 Snake:4: 3550 daAuts
   Elf:3: 2819 daAuts
 Snake:1: 2373 daAuts
Vaults:3: 2272 daAuts
 Swamp:3: 2238 daAuts
     D:7: 2141 daAuts
Vaults:2: 2121 daAuts
  Lair:5: 2095 daAuts
     D:8: 2016 daAuts
   Zot:5: 2008 daAuts
Vaults:1: 1918 daAuts
     D:5: 1887 daAuts
 Snake:3: 1880 daAuts
   Zot:2: 1860 daAuts
 Slime:5: 1838 daAuts
